 Dungeon Crawl Stone Soup version 0.30.0-15-g856e2d3f33 (webtiles) character file.

Game seed: 4531212240482907466

39 dolemite99 the Shooter (level 3, 0/27 HPs)
             Began as a Demonspawn Hunter on May 19, 2023.
             Slain by Terence
             ... wielding a +0 short sword
              (2 damage)
             ... on level 1 of the Dungeon.
             The game lasted 00:00:57 (854 turns).

dolemite99 the Shooter (Demonspawn Hunter)           Turns: 854, Time: 00:00:58

Health: 0/27       AC:  3    Str: 11    XL:     3   Next: 26%
Magic:  3/3        EV: 12    Int: 10    God:
Gold:   60         SH:  0    Dex: 18    Spells: 2/2 levels left

rFire   . . .        a - +0 shortbow
rCold   . . .        (shield currently unavailable)
rNeg    . . .        c - +0 leather armour
rPois   .            (no helmet)
rElec   .            (no cloak)
rCorr   .            (no gloves)
SInv    .            (no boots)
Will    .....        (no amulet)
Stlth   ++           (no ring)
HPRegen 0.24/turn    (no ring)
MPRegen 0.08/turn

%: no passive effects
@: no status effects
A: weakness stinger 1
a: no special abilities


You were on level 1 of the Dungeon.
You visited 1 branch of the dungeon, and saw 2 of its levels.

You collected 60 gold pieces.

Inventory:

Hand Weapons
 a - a +0 shortbow (weapon)
Armour
 c - a +0 leather armour (worn)
 d - a +0 ring mail
Scrolls
 b - a scroll of immolation
 e - 2 scrolls of identify {unknown}


   Skills:
 - Level 2.0 Fighting
 + Level 4.7 Ranged Weapons
 - Level 1.7 Dodging
 - Level 0.8 Stealth


You had 2 spell levels left.
You didn't know any spells.
Your spell library was empty.

Dungeon Overview and Level Annotations

Branches:
Dungeon (2/15)

Altars:

Annotations:
D:1 Terence
D:2 Robin


Innate Abilities, Weirdness & Mutations

You have a small tail.


Message History

Terence hits you with a +0 short sword.
You shoot an arrow. The arrow closely misses Terence.
Terence hits you with a +0 short sword.
It was a potion of magic.
Magic courses through your body. Terence hits you with a +0 short sword.
* * * LOW HITPOINT WARNING * * *
Fire: a) +0 shortbow
Press: ? - help, Q - select action Shift-Dir - straight line, f/p - Terence
Aim: Terence, wielding a +0 short sword and wearing a +0 scale mail (lightly wounded, 68% to hit)
You shoot an arrow. The arrow hits Terence!
Terence is heavily wounded.
Terence closely misses you. Terence barely misses you.
Fire: a) +0 shortbow
Press: ? - help, Q - select action Shift-Dir - straight line, f/p - Terence
Aim: Terence, wielding a +0 short sword and wearing a +0 scale mail (heavily wounded, 68% to hit)
You shoot an arrow. The arrow hits Terence.
Terence is severely wounded.
Terence completely misses you.
Fire: a) +0 shortbow
Press: ? - help, Q - select action Shift-Dir - straight line, f/p - Terence
Aim: Terence, wielding a +0 short sword and wearing a +0 scale mail (severely wounded, 68% to hit)
You shoot an arrow. The arrow hits Terence.
Terence is severely wounded.
Terence misses you.
Fire: a) +0 shortbow
Press: ? - help, Q - select action Shift-Dir - straight line, f/p - Terence
Aim: Terence, wielding a +0 short sword and wearing a +0 scale mail (severely wounded, 68% to hit)
You shoot an arrow.
The arrow hits Terence but does no damage.
Terence is severely wounded.
Terence closely misses you.
Fire: a) +0 shortbow
Press: ? - help, Q - select action Shift-Dir - straight line, f/p - Terence
Aim: Terence, wielding a +0 short sword and wearing a +0 scale mail (severely wounded, 68% to hit)
You shoot an arrow. The arrow hits Terence.
Terence is almost dead.
Terence hits you with a +0 short sword.
* * * LOW HITPOINT WARNING * * *
Terence hits you with a +0 short sword.
You die...

###.#..........#.#
.##.###.###....#.# .##.#
#.##.......# #...#
#.##.#.#.#.# .##.#
#.##.#.#.#.## .##.#
#...........# .##.#
#.##.###....# ..#.###.##.#
#....# .....##)##.###.@@.#
..#..##.##.#......#
.##..##.##.#.##...########
.##..##.##.#.##..........#
.....##.##.#.##...######.#
###..............)# #.#
..#####.##...###.##
#.######## #.## #.#...##
#.# #......... ...##
#...#.# #.# ##########


You could see Terence.

Vanquished Creatures
  A dart slug (D:1)
  3 endoplasms (D:1)
  A giant cockroach (D:1)
  5 hobgoblins
  3 jackals (D:1)
  A ball python (D:1)
  5 bats (D:1)
  A frilled lizard (D:1)
  5 goblins
  4 kobolds (D:1)
  3 rats (D:1)
32 creatures vanquished.

Notes
Turn   | Place    | Note
-------+----------+-------------------------------------------
     0 | D:1      | dolemite99 the Demonspawn Hunter began the quest for the
                  | Orb.
     0 | D:1      | Reached XP level 1. HP: 16/16 MP: 1/1
   166 | D:1      | Reached skill level 4 in Ranged Weapons
   190 | D:1      | Gained mutation: You have a small tail. [demonic ancestry]
   190 | D:1      | Reached XP level 2. HP: 22/22 MP: 2/2
   512 | D:1      | Reached XP level 3. HP: 27/27 MP: 3/3
   803 | D:2      | Noticed Robin
   842 | D:2      | Noticed Terence
   854 | D:1      | Slain by Terence

Illustrated notes

Levels and vault maps discovered:
D:1:      tarquinn_simple_flora_water_e, layout_loops_ring,
          minmay_split_cup_large
D:2:      layout_rooms, uniq_sigmund, uniq_terence, uniq_natasha, uniq_robin

Skill      XL: |  1 |
---------------+----+-----
Ranged Weapons | 4 |  4.7
Fighting       | |  2.0
Dodging        | |  1.7
Stealth        | |  0.8

Action                     || total
---------------------------++-------
   Fire: Shortbow          ||    92
    Use: Scroll            ||     1
         Potion            ||     1
 Armour: Leather armour    ||    14
  Dodge: Dodged            ||    36
